 Dungeon Crawl Stone Soup version 0.30-a0-1094-g860fb061e7 (webtiles) character file.

Game seed: 8866118457884856083

11372 jlumianski the Basher (level 11, -4/83 HPs)
             Began as a Demonspawn Fighter on Apr 17, 2023.
             Was a High Priest of Okawaru.
             Killed from afar by a fire dragon (33 damage)
             ... with a blast of flame
             ... on level 10 of the Dungeon on Apr 18, 2023.
             The game lasted 00:40:29 (9980 turns).

jlumianski the Basher (Demonspawn Fighter)          Turns: 9980, Time: 00:40:30

Health: -4/83      AC: 19    Str: 20    XL:     11   Next: 48%
Magic:  11/11      EV: 11    Int: 13    God:    Okawaru [*****.]
Gold:   636        SH:  5    Dex: 13    Spells: 10/10 levels left

rFire   . . .      SeeInvis .    m - +7 demon whip (venom)
rCold   + . .      Faith    .    c - +0 buckler
rNeg    + . .      Spirit   .    v - +0 plate armour
rPois   .          Reflect  .    (helmet restricted)
rElec   .          Rampage  .    V - +0 cloak {Will+}
rCorr   +                        (no gloves)
Will    +....                    L - +2 pair of boots "Sammaaha" {rC+ Int+3 Stlth+} Stlth
                                 (no amulet)
HPRegen 0.33/turn                P - ring of positive energy
MPRegen 0.12/turn                Q - ring of resist corrosion

@: agile
A: horns 1, ignite blood 1, powered by pain 2, sharp scales 2
a: Renounce Religion, Heroism, Finesse, Duel


You were on level 10 of the Dungeon.
You worshipped Okawaru.
Okawaru was extremely pleased with you.
You visited 2 branches of the dungeon, and saw 11 of its levels.
You also visited: Sewer.

You collected 807 gold pieces.
You spent 171 gold pieces at shops.

Inventory:

Hand Weapons
 m - a +7 demon whip of venom (weapon)
Missiles
 f - 55 poisoned darts (quivered)
 k - 4 silver boomerangs
 p - 7 boomerangs
 w - 3 boomerangs of dispersal
 G - a curare-tipped dart
 N - 3 throwing nets
Armour
 c - a +0 buckler (worn)
 v - a +0 plate armour (worn)
 H - a scarf of invisibility
 L - the +2 pair of boots "Sammaaha" (worn) {rC+ Int+3 Stlth+}
   (You found it on level 6 of the Dungeon)

   Int:       It affects your intelligence (+3).
   rC:        It protects you from cold.
   Stlth:     It makes you more stealthy.
 V - a +0 cloak of willpower (worn)
Jewellery
 P - a ring of positive energy (left hand)
 Q - a ring of resist corrosion (right hand)
Wands
 g - a wand of mindburst (6)
 o - a wand of flame (35)
 I - a wand of polymorph (9)
Scrolls
 b - 2 scrolls of vulnerability {unknown}
 n - 3 scrolls of fear
 x - 4 scrolls of teleportation {unknown}
 A - 2 scrolls of magic mapping
 D - 2 scrolls of fog {unknown}
 F - a scroll of blinking
 J - a scroll of noise {unknown}
 M - 2 scrolls of poison {unknown}
 U - a scroll of silence {unknown}
Potions
 a - a potion of ambrosia {unknown}
 d - 2 potions of might
 e - 7 potions of heal wounds
 q - 2 potions of resistance
 r - 3 potions of haste
 u - 2 potions of berserk rage
 z - 3 potions of curing
 O - a potion of attraction {unknown}
 R - a potion of invisibility {unknown}


   Skills:
 + Level 6.7 Fighting
 - Level 3.5(8.3) Axes
 * Level 11.6(11.9) Maces & Flails
 + Level 1.2 Throwing
 + Level 7.0 Armour
 + Level 2.1 Dodging
 + Level 1.2 Stealth
 + Level 5.1 Shields
 * Level 6.4 Evocations


You had 10 spell levels left.
You didn't know any spells.
Your spell library contained the following spells:

 Spells                   Type           Power      Damage    Failure   Level
 Apportation              Tloc           0%         N/A       100%        1
 Beastly Appendage        Tmut           0%         N/A       100%        1
 Sandblast                Erth           0%         2d4       100%        1
 Slow                     Hex            0%         N/A       100%        1
 Passwall                 Tmut/Erth      0%         N/A       100%        2
 Wereblood                Tmut           0%         N/A       100%        2
 Confusing Touch          Hex            0%         N/A       100%        3
 Spider Form              Tmut/Pois      0%         N/A       100%        3
 Stone Arrow              Conj/Erth      0%         3d7       100%        3
 Vampiric Draining        Necr           0%         2d6       100%        3
 Alistair's Intoxication  Tmut/Pois      0%         N/A       100%        5
 Orb of Destruction       Conj           0%         9d5       100%        7
 Summon Guardian Golem    Hex/Summ       Unusable   N/A       N/A         3
 Spellforged Servitor     Conj/Summ      Unusable   N/A       N/A         7

Dungeon Overview and Level Annotations

Branches:
Dungeon (10/15)            Temple (1/1) D:7            Lair (0/5) D:10
  Sewer (visited)
    Orc: D:9-12

Altars:
Ashenzari
Cheibriados
Dithmenos
Fedhas
Gozag
Hepliaklqana
Kikubaaqudgha
Makhleb
Nemelex Xobeh
Okawaru
Qazlal
Ru
Sif Muna
Trog
Uskayaw
Vehumet
Wu Jian
Xom
Yredelemnul

Shops:
D:3 [   D:4 [   D:8 =   D:9 (


Innate Abilities, Weirdness & Mutations

You have a pair of small horns on your head.
Your demonic aura sometimes causes spilled blood to erupt in flames.
You sometimes gain power by taking damage.
You are mostly covered in razor-sharp scales. (AC +2, Slay +2)


Message History

The vampire mosquito draws strength from your injuries!
The vampire mosquito bites you but does no damage.
You thrash the vampire mosquito!!
You destroy the vampire mosquito!
Okawaru accepts your kill. The fire dragon breathes flames at you.
The blast of flame hits you!
You focus on the pain.
You feel agile all of a sudden.
The fire dragon bites you but does no damage.
The fire dragon claws you but does no damage.
The fire dragon closely misses you.
You hit the fire dragon but do no damage.
You headbutt the fire dragon!
The fire dragon is moderately wounded.
You hit the fire dragon.
The fire dragon is heavily wounded.
The fire dragon is engulfed in blazing flames.
The fire dragon bites you but does no damage.
The fire dragon completely misses you. The fire dragon barely misses you.
You hit the fire dragon but do no damage.
The fire dragon is heavily wounded.
You barely miss the fire dragon.
The fire dragon is heavily wounded.
The fire dragon barely misses you. The fire dragon misses you.
The fire dragon tramples you!
You stumble backwards!
You hit the fire dragon.
The fire dragon is heavily wounded.
You whack the fire dragon! You headbutt the fire dragon.
The fire dragon is heavily wounded.
The fire dragon is engulfed in blazing flames.
The fire dragon bites you but does no damage.
The fire dragon claws you. You block the fire dragon's attack.
You hit the fire dragon.
The fire dragon is poisoned.
The fire dragon is severely wounded.
You hit the fire dragon. Your headbutt misses the fire dragon.
The fire dragon is severely wounded.
The fire dragon is engulfed in blazing flames.
The fire dragon breathes flames at you. The blast of flame hits you!!
You die...

#.........# #.........#
#.........# #.........#
#.........#
#####.....#################
.........).................
####.......)#####..........
..........@D°...†..........
.##.........°.............#
#####...)...........#####
#.####.......####.## #
#.##...#######..[##.###
#.#..#..#######..#..#.##
#.#.#####..#.#..#####.#.#
..## ##...##...##)..##.##.
...#.##.#...##.##...#.##.#.


You could see a fire dragon (very poisoned, catching breath).

Vanquished Creatures
  Gastronok (D:8)
  An ogre mage (D:10)
  2 two-headed ogres
  A boulder beetle (D:10)
  A cyclops (D:10)
  2 trolls
  A shadow (D:10)
  A wraith (D:10)
  3 fire bats (D:8)
  A steam dragon (D:6)
  7 yaks (D:10)
  A fire elemental (D:8)
  A vampire mosquito (D:10)
  2 water moccasins (D:8)
  2 hell hounds (D:8)
  2 sky beasts
  4 orc warriors
  An ice beast (D:5)
  3 black bears
  2 ogres
  8 centaurs
  A phantom (D:7)
  5 kobold brigands
  3 bullfrogs
  A gnoll sergeant (D:8)
  4 scorpions
  22 wights
  4 killer bees
  4 howler monkeys
  2 electric eels (D:9)
  4 hounds
  A bullfrog zombie (D:5)
  A jelly (D:4)
  2 orc priests
  3 sleepcaps
  Crazy Yiuf (D:4)
  An iguana (D:7)
  An orc wizard (D:4)
  A howler monkey zombie (D:5)
  4 gnolls
  6 adders
  A white imp (D:6)
  3 ufetubi (D:5)
  A worm (D:2)
  2 dart slugs
  18 orcs
  12 ball pythons
  5 endoplasms
  5 giant cockroaches
  6 goblins
  10 hobgoblins
  2 jackals (D:5)
  6 quokkas
  12 bats
  5 frilled lizards
  40 kobolds
  3 rats
249 creatures vanquished.

Vanquished Creatures (others)
  A plant (Sewer)
1 creature vanquished.

Grand Total: 250 creatures vanquished

Notes
Turn   | Place    | Note
-------+----------+-------------------------------------------
     0 | D:1      | jlumianski the Demonspawn Fighter began the quest for the
                  | Orb.
     0 | D:1      | Reached XP level 1. HP: 18/18 MP: 1/1
   114 | D:2      | Gained mutation: You have a pair of small horns on your
                  | head. [demonic ancestry]
   114 | D:2      | Reached XP level 2. HP: 19/24 MP: 2/2
   488 | D:1      | Reached XP level 3. HP: 29/29 MP: 3/3
   951 | D:2      | HP: 1/29 [orc/+0 flail of holy wrath (12)]
  1141 | D:3      | Noticed an ogre
  1145 | D:3      | Gained mutation: You are partially covered in razor-sharp
                  | scales. (AC +1, Slay +1) [demonic ancestry]
  1145 | D:3      | Reached XP level 4. HP: 35/35 MP: 4/4
  1153 | D:3      | Killed an ogre
  1154 | D:3      | Gained mutation: You sometimes gain a little power by
                  | taking damage. [demonic ancestry]
  1154 | D:3      | Reached XP level 5. HP: 18/41 MP: 5/5
  1159 | D:3      | Identified a scroll of acquirement
  1161 | D:3      | Acquired a +3 demon whip of venom
  1477 | D:4      | Reached skill level 1 in Maces & Flails
  1567 | D:4      | Found a glowing drain.
  1576 | Sewer    | Entered a sewer
  1870 | Sewer    | Reached skill level 2 in Maces & Flails
  1870 | Sewer    | Gained mutation: You are mostly covered in razor-sharp
                  | scales. (AC +2, Slay +2) [demonic ancestry]
  1870 | Sewer    | Reached XP level 6. HP: 44/48 MP: 6/6
  2137 | D:5      | Entered Level 5 of the Dungeon
  2201 | D:5      | Reached skill level 3 in Maces & Flails
  2268 | D:3      | Found Tased's Armour Shop.
  2924 | D:2      | Reached skill level 1 in Dodging
  3045 | D:4      | Found a runed translucent door.
  3046 | D:4      | Noticed Crazy Yiuf
  3416 | D:4      | Found Widuxo's Antique Armour Emporium.
  3433 | D:4      | Bought a faintly humming scale mail for 171 gold pieces
  3433 | D:4      | Identified the +0 scale mail of Xom's Pride {Str+3 Stlth+}
                  | (You bought it in a shop on level 4 of the Dungeon)
  3580 | D:4      | Gained mutation: Your demonic aura sometimes causes spilled
                  | blood to erupt in flames. [demonic ancestry]
  3580 | D:4      | Reached XP level 7. HP: 46/53 MP: 7/7
  3713 | D:5      | Reached skill level 4 in Maces & Flails
  3813 | D:4      | Killed Crazy Yiuf
  4005 | D:5      | Found a basalt altar of Yredelemnul.
  4076 | D:5      | Reached skill level 5 in Maces & Flails
  4331 | D:5      | Reached XP level 8. HP: 55/60 MP: 8/8
  4440 | D:5      | Reached skill level 6 in Maces & Flails
  4719 | D:6      | Reached skill level 7 in Maces & Flails
  4923 | D:6      | Reached skill level 1 in Evocations
  4927 | D:6      | Reached skill level 1 in Stealth
  4935 | D:6      | Reached skill level 5 in Armour
  4937 | D:6      | Gained mutation: You sometimes gain power by taking damage.
                  | [demonic ancestry]
  4937 | D:6      | Reached XP level 9. HP: 57/66 MP: 9/9
  4956 | D:7      | Found an opulent altar of Gozag.
  5002 | D:8      | Reached skill level 8 in Maces & Flails
  5432 | D:6      | Reached skill level 5 in Fighting
  5562 | D:5      | Reached skill level 9 in Maces & Flails
  5665 | D:6      | Identified the +2 pair of boots "Sammaaha" {rC+ Int+3
                  | Stlth+}
  5996 | D:7      | Found a staircase to the Ecumenical Temple.
  6005 | Temple   | Entered the Ecumenical Temple
  6234 | Temple   | Became a worshipper of Warmaster Okawaru
  6820 | D:8      | Found Zozo's Jewellery Boutique.
  6866 | D:8      | Found a transporter.
  6866 | D:8      | Noticed Gastronok
  6883 | D:8      | Killed Gastronok
  6883 | D:8      | Reached * piety under Okawaru
  6884 | D:8      | Reached XP level 10. HP: 13/74 MP: 10/10
  6901 | D:8      | Found a hide-covered altar of Uskayaw.
  7122 | D:8      | Reached skill level 10 in Maces & Flails
  7140 | D:8      | HP: 3/74 [poisoned by a kobold]
  7650 | D:8      | Found a transporter.
  7696 | D:8      | Reached ** piety under Okawaru
  7723 | D:8      | Upgraded the game from 0.30-a0-1085-g990a428a5c to
                  | 0.30-a0-1094-g860fb061e7
  8234 | D:10     | Entered Level 10 of the Dungeon
  8282 | D:10     | Found a staircase to the Lair.
  8401 | D:9      | Found a burning altar of Makhleb.
  8546 | D:9      | Reached skill level 5 in Evocations
  8610 | D:9      | Noticed a two-headed ogre
  8622 | D:9      | Killed a two-headed ogre
  8622 | D:9      | Reached *** piety under Okawaru
  8623 | D:9      | Reached skill level 1 in Throwing
  8825 | D:9      | Found Tihoanla's Weapon Shoppe.
  8979 | D:10     | Reached skill level 5 in Shields
  8984 | D:10     | Reached XP level 11. HP: 50/82 MP: 11/11
  9147 | D:9      | Found a stormy altar of Qazlal.
  9435 | D:10     | Noticed a two-headed ogre
  9440 | D:10     | Killed a two-headed ogre
  9441 | D:10     | Reached skill level 11 in Maces & Flails
  9461 | D:10     | Reached **** piety under Okawaru
  9480 | D:10     | Noticed an ogre mage
  9490 | D:10     | Killed an ogre mage
  9805 | D:10     | Reached ***** piety under Okawaru
  9838 | D:10     | Noticed a boulder beetle
  9868 | D:10     | Killed a boulder beetle
  9963 | D:10     | Noticed a fire dragon
  9980 | D:10     | Killed from afar by a fire dragon

Illustrated notes

Levels and vault maps discovered:
D:1:      beargit_arrival_greenhouse, layout_basic, minmay_tromino_i2
D:2:      layout_rooms, guppyfry_early_orc_mine
D:3:      layout_loops_corners, serial_shops, shop, patterned_corridor
D:4:      layout_basic, portal_sewer_entry_d, serial_shops,
          nicolae_shop_dealshenge, uniq_crazy_yiuf_cottage
D:5:      layout_gridville, lemuel_zombie_altar_yredelemnul, serial_glass,
          glass_columns_a, glass_columns_a
D:6:      layout_basic
D:7:      layout_rooms, lemuel_crystal_altar, minmay_temple_entry_trees,
          kennysheep_generic_room_6
D:8:      gammafunk_cloud_chamber, layout_rooms, nicolae_uskayaw_suspiria,
          serial_shops, nicolae_shop_hallway_plus, uniq_gastronok
D:9:      layout_basic, mainiacjoe_overflow_six_doors_small,
          jmf_multi_god_temple, elyvilon_altar_4, serial_shops,
          nicolae_shop_tiny_statue_garden
D:10:     minmay_ornate_pinched, layout_basic, lair_entry_dummy
Temple:   regret_index_temple_generic_petals

Skill      XL: |  1  2  3  4  5  6  7  8  9 10 11 |
---------------+----------------------------------+-----
Shields        | 3 4 5 |  5.1
Axes           | 2 3 |  3.5
Armour         | 3 4 5 6 7 |  7.0
Maces & Flails | 2 3 5 7 9 10 11 | 11.6
Dodging        | 1 2 |  2.1
Fighting       | 4 5 6 |  6.7
Evocations     | 1 4 5 6 |  6.4
Stealth        | 1 |  1.2
Throwing       | 1 |  1.2

Action                     |  1- 3 |  4- 6 |  7- 9 | 10-12 || total
---------------------------+-------+-------+-------+-------++-------
  Melee: War axe           |    99 |     8 |       |       ||   107
         Headbutt          |     9 |     5 |    50 |    37 ||   101
         Demon whip        |       |   112 |   235 |   208 ||   555
  Throw: Dart              |       |     3 |     3 |    10 ||    16
  Evoke: Wand              |       |       |       |     1 ||     1
    Use: Scroll            |     4 |     8 |     5 |     2 ||    19
         Potion            |     2 |     3 |       |     1 ||     6
 Armour: Scale mail        |    57 |    53 |       |       ||   110
         Plate armour      |       |     3 |   138 |   112 ||   253
  Dodge: Dodged            |    55 |    48 |    63 |    68 ||   234
  Block: Buckler           |    24 |    23 |    42 |    57 ||   146

Table legend: (Time is in decaauts)
 A = Elapsed time spent in this place.
 B = Non-inter-level travel time spent in this place.
 C = Inter-level travel time spent in this place.
 D = Time resting spent in this place.
 E = Time spent auto-exploring this place.
 F = Levels seen in this place.
 G = Mean time per level.
                   A        B        C        D        E       F      G
               +--------+--------+--------+--------+--------+-----+--------+
         Total |   9940 |   9717 |    223 |   1297 |   5588 |  12 |  828.3 |
       Dungeon |   9259 |   9036 |    223 |   1297 |   5134 |  10 |  925.9 |
        Temple |    254 |    254 |      0 |      0 |    200 |   1 |  254.0 |
         Sewer |    426 |    426 |      0 |      0 |    253 |   1 |  426.0 |
               +--------+--------+--------+--------+--------+-----+--------+

Top non-repeatable levels by time:
     D:8: 1635 daAuts
     D:3: 1090 daAuts
     D:9: 1075 daAuts
     D:5: 1052 daAuts
     D:4: 1032 daAuts
     D:6: 732 daAuts
     D:2: 677 daAuts
    D:10: 670 daAuts
     D:7: 653 daAuts
     D:1: 640 daAuts
   Sewer: 426 daAuts
  Temple: 254 daAuts
